AoeStats
← AiM | CyclopsTron

Arena

508360220Analyzed
4v4 RM · 10d ago on Sep 22, 2026· 61m 8s· 8 players
Game mode
Random Map
Map size
Large (8 player)
Population
200
Speed
Normal
Resources
Standard
Victory
Conquest
Starting age
Dark Age
Ending age
Imperial Age
RankedLock teamsTeams togetherTeam positionsShared explorationLock speedFull tech treeHidden civsTurbo modeCheats
Victory
Defeat
🇲🇽 Teutons · Mexico
1671
+20
🇲🇽 Tatars · Mexico
1643
+21
🇲🇽 Malay · Mexico
1633
+21
🇲🇽 Persians · Mexico
1510
+24
🇨🇳 Magyars · China
1849
-25
🇻🇳 Chinese · Vietnam
1769
-23
🇺🇸 Hindustanis · United States
1759
-22
🇨🇳 Koreans · China
1607
-16
BeardyMan37
11:07 Feudal Age
12:21 Double-Bit Axe
15:18 Castle Age
13:18 Horse Collar
16:12 Wheelbarrow
16:09 Bow Saw
15:59 Heavy Plow
22:26 Hand Cart
24:25 Gold Mining
24:28 Stone Mining
28:04 Imperial Age
25:41 Loom
25:41 Town Watch
26:04 Scale Barding Armor
27:11 Chain Barding Armor
27:03 Forging
27:48 Bloodlines
27:38 Husbandry
28:29 Gold Shaft Mining
29:18 Iron Casting
28:13 Heavy Camel Rider
30:35 Chemistry
30:31 Plate Barding Armor
30:01 Padded Archer Armor
30:46 Plate Barding Armor
31:17 Leather Archer Armor
32:31 Ring Archer Armor
32:03 Shatagni
32:24 Conscription
32:40 Ballistics
33:23 Fletching
34:13 Bodkin Arrow
36:22 Bracer
38:06 Blast Furnace
36:30 Light Cavalry
38:18 Two-Man Saw
37:22 Grand Trunk Road
38:19 Hussar
39:33 Elite Skirmisher
40:19 Thumb Ring
43:57 Coinage
44:28 Caravan
45:21 Siege Engineers
46:17 Banking
47:43 Imperial Camel Rider
52:14 Masonry
60:49 Stone Shaft Mining
北冥有鲲
9:10 Loom
11:07 Feudal Age
12:16 Double-Bit Axe
12:13 Horse Collar
12:21 Man-at-Arms
18:29 Town Watch
39:06 Wheelbarrow
42:25 Castle Age
41:08 Stone Mining
41:09 Gold Mining
43:40 Heavy Plow
43:51 Bow Saw
45:34 Hand Cart
47:25 Caravan
56:18 Gold Shaft Mining
58:03 Light Cavalry
58:55 Scale Barding Armor
59:16 Bloodlines
59:06 Husbandry
81danchoi
0:28 Loom
11:16 Feudal Age
14:46 Castle Age
12:59 Double-Bit Axe
12:55 Horse Collar
13:08 Horse Collar
16:25 Bow Saw
16:33 Heavy Plow
20:32 Wheelbarrow
23:15 Gold Mining
27:34 Imperial Age
25:35 Scale Barding Armor
26:41 Chain Barding Armor
26:13 Town Watch
26:55 Husbandry
27:06 Bloodlines
28:09 Forging
28:41 Fletching
30:06 Two-Man Saw
29:17 Padded Archer Armor
30:18 Chemistry
29:39 Ballistics
29:43 Bodkin Arrow
30:28 Hand Cart
30:53 Bracer
30:29 Elite Chu Ko Nu
32:40 Leather Archer Armor
33:15 Masonry
34:05 Ring Archer Armor
34:34 Scale Mail Armor
35:09 Iron Casting
34:35 Squires
33:55 Pikeman
35:36 Chain Mail Armor
35:13 Halberdier
37:17 Blast Furnace
37:26 Plate Mail Armor
37:27 Architecture
37:56 Conscription
38:48 Great Wall
39:10 Rocketry
39:32 Bombard Tower
39:02 Sappers
39:34 Stone Mining
40:20 Gold Shaft Mining
40:52 Heavy Rocket Cart
43:26 Caravan
48:15 Fortified Wall
51:43 Elite Skirmisher
53:16 Thumb Ring
55:36 Capped Ram
56:30 Siege Ram
chenst2020
10:41 Feudal Age
15:30 Castle Age
13:58 Double-Bit Axe
16:55 Bow Saw
17:22 Wheelbarrow
17:12 Stone Mining
19:22 Loom
24:09 Gold Mining
24:56 Stone Shaft Mining
24:03 Horse Collar
29:30 Imperial Age
27:24 Fortified Wall
28:12 Hand Cart
28:22 Crossbowman
29:08 Thumb Ring
29:01 Fletching
30:00 Arbalester
31:27 Gold Shaft Mining
32:24 Chemistry
34:03 Fletching
34:40 Bodkin Arrow
36:44 Conscription
39:27 Two-Man Saw
38:32 Heavy Plow
38:33 Scale Mail Armor
38:44 Forging
38:34 Bracer
38:58 Ballistics
38:44 Siege Engineers
39:37 Eupseong
40:14 Arrowslits
41:16 Treadmill Crane
42:24 Elite Skirmisher
46:44 Caravan
51:11 Chain Mail Armor
51:31 Iron Casting
50:17 Pikeman
50:58 Squires
53:45 Masonry
53:31 Murder Holes
53:27 Capped Ram
58:53 Plate Mail Armor
60:12 Scale Barding Armor
60:04 Halberdier
AiM | CyclopsTron
6:11 Loom
8:32 Feudal Age
9:02 Double-Bit Axe
11:18 Fletching
14:21 Town Watch
18:44 Wheelbarrow
18:26 Horse Collar
23:20 Castle Age
23:57 Bodkin Arrow
24:23 Bow Saw
26:08 Guard Tower
26:57 Hand Cart
28:35 Fortified Wall
29:52 Masonry
31:02 Town Patrol
37:05 Imperial Age
34:37 Heavy Plow
37:33 Imperial Age
35:21 Gold Mining
35:22 Stone Mining
37:55 Ballistics
37:53 Town Patrol
38:04 Scale Mail Armor
37:25 Pikeman
38:06 Squires
37:55 Heavy Scorpion
39:05 Chain Mail Armor
40:15 Chemistry
40:02 Siege Engineers
40:35 Capped Ram
42:18 Plate Mail Armor
41:58 Forging
41:48 Halberdier
43:59 Ironclad
44:25 Crenellations
44:52 Iron Casting
46:38 Blast Furnace
46:24 Conscription
47:27 Elite Teutonic Knight
48:48 Arson
51:10 Hoardings
50:31 Arrowslits
51:26 Caravan
51:37 Guilds
57:54 Man-at-Arms
58:07 Onager
59:43 Siege Onager
Crosnay
9:11 Feudal Age
8:49 Double-Bit Axe
8:48 Horse Collar
17:01 Gold Mining
17:02 Stone Mining
18:50 Loom
21:53 Castle Age
21:13 Town Watch
26:05 Imperial Age
24:36 Fletching
24:57 Forging
26:53 Conscription
28:27 Chemistry
39:27 Wheelbarrow
39:55 Siege Engineers
42:42 Iron Casting
42:02 Bodkin Arrow
41:55 Pikeman
42:35 Squires
42:21 Arson
43:06 Bow Saw
42:41 Halberdier
50:37 Hand Cart
AiM | Fubuki Sinri
10:07 Feudal Age
13:53 Castle Age
12:19 Double-Bit Axe
12:43 Horse Collar
18:04 Loom
20:04 Town Watch
21:22 Wheelbarrow
23:45 Gold Mining
24:06 Bow Saw
23:57 Heavy Plow
24:29 Hand Cart
29:22 Imperial Age
27:42 Gold Shaft Mining
26:57 Stone Mining
28:09 Scale Barding Armor
28:15 Forging
28:43 Bloodlines
28:33 Husbandry
29:41 Chain Barding Armor
29:57 Iron Casting
29:02 Cavalier
30:33 Conscription
30:24 Savar
31:40 Plate Barding Armor
32:07 Blast Furnace
33:29 Stone Shaft Mining
33:54 Town Patrol
36:44 Chemistry
37:05 Padded Archer Armor
39:13 Leather Archer Armor
38:48 Fletching
39:11 Citadels
39:33 Bodkin Arrow
40:28 Crossbowman
41:39 Ring Archer Armor
43:00 Coinage
46:03 Ballistics
45:53 Masonry
46:48 Light Cavalry
47:48 Scale Mail Armor
47:47 Hussar
49:03 Heavy Camel Rider
53:05 Thumb Ring
53:07 Kamandaran
54:04 Murder Holes
54:40 Architecture
59:38 Two-Man Saw
59:18 Crop Rotation
60:26 Chain Mail Armor
60:29 Caravan
Ux'Nova
12:28 Feudal Age
13:11 Double-Bit Axe
13:15 Horse Collar
16:11 Castle Age
17:10 Bow Saw
17:15 Bloodlines
17:22 Light Cavalry
19:34 Wheelbarrow
22:47 Hand Cart
23:26 Gold Mining
26:29 Loom
29:57 Imperial Age
27:09 Treadmill Crane
28:53 Gold Shaft Mining
28:56 Squires
29:02 Silk Armor
29:23 Scale Mail Armor
29:48 Forging
29:31 Pikeman
30:33 Fletching
31:45 Chemistry
32:17 Heavy Plow
33:11 Conscription
35:39 Bodkin Arrow
35:44 Padded Archer Armor
36:06 Heavy Cavalry Archer
36:58 Bracer
37:21 Ballistics
39:12 Leather Archer Armor
41:53 Caravan
43:47 Husbandry
48:14 Elite Skirmisher
52:54 Scale Barding Armor
53:25 Iron Casting
53:24 Fortified Wall
53:26 Masonry
53:14 Hussar
58:27 Chain Barding Armor
58:41 Coinage
60:17 Plate Barding Armor
62:17 Blast Furnace
Connection lost

Rejoining the realm…

Still unreachable

The connection could not be restored.

Session expired

The server has moved on; the page needs a fresh start.